 Dungeon Crawl Stone Soup version 0.31.0-1-g2c135a008e (webtiles) character file.

Game seed: 17797859602025436920

252 qw the Shooter (level 6, -3/46 HPs)
             Began as a Djinni Hunter on Jan 23, 2024.
             Slain by an iguana (10 damage)
             ... on level 4 of the Dungeon.
             The game lasted 00:00:10 (2871 turns).

qw the Shooter (Djinni Hunter)                      Turns: 2871, Time: 00:00:11

Health: -3/46      AC:  6    Str: 10    XL:     6   Next: 36%
Gold:   177        EV: 11    Int: 10    God:
                   SH:  0    Dex: 19

rFire   + + .        a - +1 shortbow
rCold   x . .        (shield currently unavailable)
rNeg    . . .        f - +0 ring mail
rPois   inf          (no helmet)
rElec   .            (no cloak)
rCorr   .            i - +0 pair of gloves
SInv    .            (boots unavailable)
Will    .....        (no amulet)
Stlth   +            (no ring)
HPRegen 0.27/turn    (no ring)
MPRegen 0.00/turn

%: infuse magic (-4 HP)
@: about to teleport, flying
A: sickness immunity, fire resistance 2, cold vulnerability 1, float, innate
caster, HP casting, extra vitality 1
a: no special abilities


You were on level 4 of the Dungeon.
You visited 1 branch of the dungeon, and saw 4 of its levels.

You collected 177 gold pieces.


Innate Abilities, Weirdness & Mutations

You are immune to sickness and miasma.
You are immune to poison.
Your flesh is very heat resistant. (rF++)
You are vulnerable to cold. (rC-)
You float through the air rather than walking.
You learn spells naturally, not from books.
Your magical power is your life essence.
You have superior vitality. (+4 MHP)


   Skills:
 + Level 3.0 Fighting
 - Level 5.2 Ranged Weapons
 - Level 1.0 Armour
 - Level 3.0 Dodging
 - Level 0.7 Stealth


You knew the following spells:

 Your Spells              Type           Power      Damage    Failure   Level
a - Kiss of Death         Conj/Necr      0%         2d5       67%         1
b - Scorch                Fire           0%         2d5       82%         2
Your spell library was empty.

Inventory:

Hand Weapons
 a - a +1 shortbow (weapon)
Armour
 f - a +0 ring mail (worn)
 i - a +0 pair of gloves (worn)
Scrolls
 b - a scroll of teleportation
 c - a scroll of enchant armour {unknown}
Potions
 d - a potion of haste {unknown}
 e - a potion of brilliance {unknown}
 g - 2 potions of curing
 h - a potion of might {unknown}
 l - a potion of ambrosia {unknown}

Dungeon Overview and Level Annotations

Branches:
Dungeon (4/15)
 Temple: D:4-7

Altars:
Trog
Zin


Message History

The iguana bites you but does no damage.
You shoot an arrow.
The arrow hits the iguana but does no damage.
The iguana bites you.
You shoot an arrow. The arrow hits the iguana.
The iguana is lightly wounded.
The iguana barely misses you.
You shoot an arrow. The arrow hits the iguana.
The iguana is moderately wounded.
The iguana bites you! The iguana bites you.
You shoot an arrow.
The arrow hits the iguana but does no damage.
The iguana is moderately wounded.
The iguana bites you!
You shoot an arrow. The arrow closely misses the iguana.
The iguana barely misses you.
You shoot an arrow.
The arrow hits the iguana but does no damage.
The iguana is moderately wounded.
The iguana bites you!
You shoot an arrow.
The arrow hits the iguana but does no damage.
The iguana is moderately wounded.
The iguana bites you. The iguana closely misses you.
2868 ||| READING 2 scrolls of teleportation.
As you read the scroll of teleportation, it crumbles to dust.
You feel strangely unstable. The iguana barely misses you.
You shoot an arrow.
The arrow hits the iguana but does no damage.
The iguana is moderately wounded.
The iguana bites you.
You shoot an arrow. The arrow hits the iguana.
The iguana is heavily wounded.
The iguana barely misses you.
You shoot an arrow.
The arrow hits the iguana but does no damage.
The iguana is heavily wounded.
The iguana bites you!
You die...

........# #¤0¤#
#....#####...
........#####...#####....#
#.....
....................#..<.#
#.....
......########..#.###....#
#..... ####### #..#.#
#....# #..... # #..#.#
###.## #..... #
##.#.#####.# #.....
#.#........ #.....
#.@###..... ....... #..l.+
...........# #...##
........... #....
...######. #..### # ..
#... #.#. .. .


You could see an iguana.

Vanquished Creatures
  2 scorpions (D:4)
  7 adders
  A dart slug (D:2)
  2 ribbon worms
  2 orcs (D:4)
  7 ball pythons
  6 endoplasms
  5 giant cockroaches
  5 goblins
  A hobgoblin (D:2)
  6 quokkas
  A bat (D:2)
  8 kobolds
  5 rats
58 creatures vanquished.

Vanquished Creatures (others)
  3 orcs (D:4)
3 creatures vanquished.

Grand Total: 61 creatures vanquished

Notes
Turn   | Place    | Note
-------+----------+-------------------------------------------
     0 | D:1      | qw the Djinni Hunter began the quest for the Orb.
     0 | D:1      | Reached XP level 1. HP: 18/18 MP: 0/0
     0 | D:1      | 0 ||| qw: Version: 0.3-a-134-g2ba4250
     0 | D:1      | 0 ||| qw: Game counter: 767
     0 | D:1      | 0 ||| qw: Melee chars always use a shield: true
     0 | D:1      | 0 ||| qw: God list: Okawaru
     0 | D:1      | 0 ||| qw: Allow faded altars: false
     0 | D:1      | 0 ||| qw: Do Orc after clearing Dungeon:15 true
     0 | D:1      | 0 ||| qw: Do second Lair branch before Depths: true
     0 | D:1      | 0 ||| qw: Lair rune preference: random
     0 | D:1      | 0 ||| qw: Goals: Normal
     0 | D:1      | 0 ||| PLANNING D:1-11
   102 | D:1      | Reached XP level 2. HP: 23/23 MP: 0/0
   658 | D:1      | 658 ||| UPGRADING to +0 pair of gloves.
   663 | D:1      | 663 ||| READING scroll labelled ODGHEE USTRU.
   664 | D:1      | 664 ||| READING scroll labelled ATIG NALAYPAZ.
   665 | D:1      | 665 ||| READING scroll labelled KEROEH JA SAOKK.
   666 | D:1      | 666 ||| DRINKING 2 fizzy green potions.
   667 | D:1      | 667 ||| DRINKING 2 sedimented pink potions.
   683 | D:1      | 683 ||| DROPPING scroll of butterflies.
   684 | D:1      | 684 ||| DROPPING potion of lignification.
   745 | D:2      | 745 ||| STAIRDANCE
   748 | D:1      | Reached XP level 3. HP: 28/28 MP: 0/0
   748 | D:1      | Learned a level 1 spell: Kiss of Death
   751 | D:2      | 751 ||| STAIRDANCE
   762 | D:1      | Reached skill level 4 in Ranged Weapons
   935 | D:2      | Reached XP level 4. HP: 28/34 MP: 0/0
   937 | D:2      | 937 ||| FLEEEEING.
   938 | D:2      | 938 ||| FLEEEEING.
   984 | D:2      | Found a faded altar of an unknown god.
  1035 | D:2      | Reached skill level 3 in Fighting
  1766 | D:2      | 1766 ||| UPGRADING to +0 ring mail.
  1776 | D:2      | 1776 ||| DROPPING +0 leather armour.
  1777 | D:2      | 1777 ||| READING scroll labelled MEAXKOE CENIONG.
  2378 | D:3      | Reached skill level 1 in Armour
  2378 | D:3      | Reached XP level 5. HP: 40/40 MP: 0/0
  2378 | D:3      | Learned a level 2 spell: Scorch
  2421 | D:3      | Found a bloodstained altar of Trog.
  2423 | D:3      | Found a glowing silver altar of Zin.
  2578 | D:3      | 2578 ||| READING scroll labelled PEMOAJ CAVVI.
  2581 | D:3      | 2581 ||| READING scroll labelled UJI EG KETUOMU.
  2581 | D:3      | 2581 ||| IDENTIFYING fuming orange potion
  2582 | D:3      | 2582 ||| READING scroll labelled RAEQ BUQ JOSU.
  2582 | D:3      | 2582 ||| ENCHANTING +0 shortbow.
  2583 | D:3      | 2583 ||| DROPPING potion of degeneration.
  2765 | D:4      | Reached skill level 5 in Ranged Weapons
  2765 | D:4      | Reached XP level 6. HP: 39/46 MP: 0/0
  2811 | D:4      | Reached skill level 3 in Dodging
  2867 | D:4      | HP: 8/46 [iguana (6)]
  2868 | D:4      | 2868 ||| READING 2 scrolls of teleportation.
  2871 | D:4      | Slain by an iguana

Levels and vault maps discovered:
D:1:      lemuel_arrival_hallway, layout_basic
D:2:      layout_loops_corners, shapermc_ecumenical_altar_gd, minmay_unequal
D:3:      layout_basic, nicolae_overflow_hidden_temple
D:4:      layout_basic, lemuel_flame_loot_1

Skill      XL: |  1  2  3  4  5  6 |
---------------+-------------------+-----
Ranged Weapons | 4 5 |  5.2
Fighting       | 3 |  3.0
Armour         | 1 |  1.0
Dodging        | 3 |  3.0
Stealth        | |  0.7

Action                     |  1- 3 |  4- 6 || total
---------------------------+-------+-------++-------
   Fire: Shortbow          |    86 |   151 ||   237
    Use: Scroll            |     3 |     5 ||     8
         Potion            |     2 |       ||     2
 Armour: Leather armour    |    24 |    15 ||    39
         Ring mail         |       |    28 ||    28
  Dodge: Dodged            |    32 |    45 ||    77

Table legend:
 A = Non-vault XP
 B = Vault XP
 C = Vault XP percentage of total XP
 D = Non-vault monster count
 E = Vault monster count
 F = Vault count percentage of total count
                 A         B        C        D         E       F
            +---------+---------+-------+---------+---------+-------
      Total |     343 |      17 |   4.7 |      55 |       4 |   6.8
            +---------+---------+-------+---------+---------+-------
        D:1 |      40 |       0 |   0.0 |      17 |       0 |   0.0
        D:2 |      62 |      17 |  21.5 |      21 |       4 |  16.0
        D:3 |      35 |       0 |   0.0 |       8 |       0 |   0.0
        D:4 |     206 |       0 |   0.0 |       9 |       0 |   0.0
            +---------+---------+-------+---------+---------+-------
